 Dungeon Crawl Stone Soup version 0.30-a0-591-g3c58d2bc28 (webtiles) character file.

Game seed: 13870444227595048086

446 cforsyth the Digger (level 7, -20/36 HPs)
             Began as a Gargoyle Earth Elementalist on Jan 5, 2023.
             Demolished by an orc warrior
             ... wielding a +0 great sword
              (24 damage)
             ... on level 5 of the Dungeon.
             The game lasted 00:06:33 (4826 turns).

cforsyth the Digger (Gargoyle Earth Elementalist)   Turns: 4826, Time: 00:06:34

Health: -20/36     AC:  7    Str: 11    XL:     7   Next: 3%
Magic:  11/14      EV: 11    Int: 18    God:
Gold:   284        SH:  0    Dex: 10    Spells: 14/15 levels left

rFire   . . .      SeeInvis .    (no weapon)
rCold   . . .      Faith    .    (no shield)
rNeg    + . .      Spirit   .    (no body armour)
rPois   ∞          Reflect  .    u - +0 helmet
rElec   +          Harm     .    d - scarf {+Inv}
rCorr   .          Rampage  .    z - +0 pair of gloves
Will    .....                    a - +0 pair of boots
Stlth   ++                       (no amulet)
HPRegen 0.26/turn                (no ring)
MPRegen 0.14/turn                (no ring)

@: no status effects
A: sickness immunity, AC +4, negative energy resistance 1, electricity
resistance, torment resistance 1, petrification resistance
a: Evoke Invisibility


You were on level 5 of the Dungeon.
You visited 1 branch of the dungeon, and saw 6 of its levels.

You collected 284 gold pieces.

Inventory:

Armour
 a - a +0 pair of boots (worn)
 d - a scarf of invisibility (worn)
 t - a +1 robe of positive energy
 u - a +0 helmet (worn)
 z - a +0 pair of gloves (worn)
Jewellery
 x - a ring of fire
Wands
 i - a wand of polymorph (9)
 y - a wand of mindburst (4)
Scrolls
 e - a scroll of brand weapon {unknown}
 f - a scroll of silence
 g - a scroll of acquirement {unknown}
 j - a scroll of fog {unknown}
 l - a scroll of immolation {unknown}
 m - 5 scrolls of vulnerability
 n - 2 scrolls of teleportation {unknown}
 q - a scroll of identify {unknown}
 r - a scroll of magic mapping {unknown}
 v - a scroll of noise {unknown}
 w - 2 scrolls of blinking {unknown}
Potions
 b - 2 potions of magic
 c - 3 potions of curing {unknown}
 h - a potion of flight {unknown}
 k - a potion of berserk rage {unknown}
 o - 2 potions of resistance {unknown}
 p - 2 potions of might {unknown}
 s - 2 potions of degeneration {unknown}


   Skills:
 - Level 1.5 Dodging
 - Level 2.1 Stealth
 + Level 4.9 Spellcasting
 - Level 0.7 Transmutations
 + Level 7.0 Earth Magic


You had 14 spell levels left.
You knew the following spells:

 Your Spells              Type           Power      Damage    Failure   Level
a - Sandblast             Erth           58%        2d13      1%          1

Your spell library contained the following spells:

 Spells                   Type           Power      Damage    Failure   Level
 Passwall                 Tmut/Erth      15%        N/A       4%          2
 Stone Arrow              Conj/Erth      34%        3d9       10%         3
 Magic Dart               Conj           16%        1d3       14%         1
 Searing Ray              Conj           8%         2d4       21%         2
 Petrify                  Tmut/Erth      18%        N/A       26%         4
 Dazzling Flash           Conj/Hex       8%         N/A       38%         3
 Cause Fear               Hex            2%         N/A       80%         4
 Fulminant Prism          Conj/Hex       2%         3d5       80%         4
 Agony                    Necr           4%         N/A       98%         5
 Silence                  Hex/Air        2%         N/A       98%         5
 Dragon Form              Tmut           3%         N/A       100%        7
 Dragon's Call            Summ           2%         N/A       100%        9


Dungeon Overview and Level Annotations

Branches:
Dungeon (6/15)
 Temple: D:4-7

Altars:
Cheibriados
Zin


Innate Abilities, Weirdness & Mutations

You are immune to sickness and miasma.
Your stone body is resilient. (AC +4)
You are immune to poison.
You resist negative energy. (rN+)
You are resistant to electric shocks. (rElec)
You are resistant to unholy torment.
You are immune to petrification.


Message History

An orc warrior is nearby!
An orc warrior is nearby!
An orc warrior is nearby!
An orc warrior is nearby!
An orc warrior is nearby!
The blast of sand hits the orc warrior!
The orc warrior is heavily wounded.
The orc warrior shouts!
You hear a shout! x2
The blast of sand hits the orc warrior!
The orc warrior is almost dead.
The orc warrior hits you with a +0 great sword!
A wight comes into view. It is wielding a +0 falchion.
A gnoll sergeant comes into view. It is wielding a +0 trident.
Unknown command.
The orc warrior hits you with a +0 great sword!
* * * LOW HITPOINT WARNING * * *
You climb upwards.
There is a stone staircase leading down here.
You are too injured to fight recklessly!
Unknown command.
Casting: Sandblast (safe; 1% risk of failure)
Confirm with . or Enter, or press ? or * to list all spells.
Aiming: Sandblast (safe; 1% risk of failure)
Press: ? - help, Shift-Dir - straight line, f - orc warrior
Aim: an orc warrior, wielding a +0 great sword and wearing a +0 chain mail (almost dead, 81% to hit)
The blast of sand hits the orc warrior but does no damage.
The orc warrior is almost dead.
The orc warrior barely misses you.
Casting: Sandblast (safe; 1% risk of failure)
Confirm with . or Enter, or press ? or * to list all spells.
Aiming: Sandblast (safe; 1% risk of failure)
Press: ? - help, Shift-Dir - straight line, f/p - orc warrior
Aim: an orc warrior, wielding a +0 great sword and wearing a +0 chain mail (almost dead, 81% to hit)
The blast of sand hits the orc warrior but does no damage.
The orc warrior is almost dead.
The orc warrior hits you with a +0 great sword!
* * * LOW HITPOINT WARNING * * *
The orc warrior hits you with a +0 great sword!!
Ouch! That really hurt!
You die...

#.# #.######### #.#
#.........# #.#
#..######.# #.#
#..# #.#
#.#######..# #.#
#..........######.#
#..##..........##.#
#.>##.####.###.##.#
#..##@# #.###.##.#
######....o#
#.##...#.#
#..........#
#......(.#
#######.#####.#.##
####...###
..............#.#
##.##
##.############.#
#.### #.# #.# #...#
##.###### ##.##
###.# ........#
###...##########.#


You could see an orc warrior.

Vanquished Creatures
  A scorpion (D:5)
  A wight (D:4)
  A hound (D:5)
  2 orc priests (D:4)
  An iguana (D:5)
  Natasha (thrice) (D:3)
  A mummy (D:3)
  Robin (D:2)
  4 adders
  An ufetubus (D:5)
  A worm (D:5)
  2 dart slugs
  4 orcs (D:4)
  6 ball pythons
  7 endoplasms
  A giant cockroach (D:1)
  12 goblins
  8 hobgoblins
  3 jackals (D:2)
  A quokka (D:1)
  8 bats
  2 frilled lizards
  9 kobolds
  2 rats
82 creatures vanquished.

Vanquished Creatures (others)
  7 plants (D:4)
7 creatures vanquished.

Grand Total: 89 creatures vanquished

Notes
Turn   | Place    | Note
-------+----------+-------------------------------------------
     0 | D:1      | cforsyth the Gargoyle Earth Elementalist began the quest
                  | for the Orb.
     0 | D:1      | Reached XP level 1. HP: 10/10 MP: 3/3
   286 | D:1      | Reached XP level 2. HP: 15/15 MP: 3/5
   287 | D:1      | Reached skill level 4 in Earth Magic
   355 | D:1      | Found a faded altar of an unknown god.
   944 | D:2      | You fall into a shaft and drop 2 floors!
  1053 | D:3      | Reached XP level 3. HP: 19/19 MP: 3/6
  1333 | D:2      | Reached XP level 4. HP: 24/24 MP: 6/8
  1392 | D:2      | Noticed Robin
  1420 | D:2      | Killed Robin
  1421 | D:2      | Reached skill level 5 in Earth Magic
  2155 | D:3      | Noticed Natasha
  2158 | D:3      | Killed Natasha
  2159 | D:3      | Reached XP level 5. HP: 28/28 MP: 6/10
  2422 | D:3      | Noticed Natasha
  2431 | D:3      | Killed Natasha
  2633 | D:3      | Found a snail-covered altar of Cheibriados.
  3323 | D:4      | Reached skill level 6 in Earth Magic
  3323 | D:4      | Reached XP level 6. HP: 13/32 MP: 7/12
  3887 | D:5      | Entered Level 5 of the Dungeon
  3977 | D:3      | Noticed Natasha
  3981 | D:3      | Killed Natasha
  4617 | D:5      | Found a glowing silver altar of Zin.
  4619 | D:5      | Reached skill level 7 in Earth Magic
  4619 | D:5      | Reached XP level 7. HP: 36/36 MP: 12/14
  4826 | D:5      | Demolished by an orc warrior

Illustrated notes

Levels and vault maps discovered:
D:1:      minmay_arrival_semitransparent, layout_basic,
          shapermc_ecumenical_altar_notcrosses, minmay_misc_feat_four_crosses
D:2:      layout_basic, serial_curves, eino_curves_02, eino_curves_01,
          uniq_robin
D:3:      layout_rooms, chei_slow_surprise, chequers_serial_rivers_micro_c,
          chequers_serial_rivers_large_a, minmay_surrounded, uniq_natasha
D:4:      cheibrodos_old_hovel, layout_layer_cave
D:5:      layout_loops_ring, lemuel_round_altar
D:6:      layout_basic, minmay_temple_entry_nine_rooms, sword_in_stone

Skill      XL: |  1  2  3  4  5  6 |
---------------+-------------------+-----
Earth Magic    | 4 5 6 7 |  7.0
Spellcasting   | 3 4 |  4.9
Dodging        | |  1.5
Stealth        | |  2.1
Transmutations | |  0.7

Action                   |  1- 3 |  4- 6 |  7- 9 || total
-------------------------+-------+-------+-------++-------
Melee: Unarmed           |     4 |     2 |       ||     6
 Cast: Sandblast         |    46 |    75 |     4 ||   125
  Use: Scroll            |       |     2 |       ||     2
Armor: Robe              |     7 |     9 |       ||    16
       Skin              |       |     1 |       ||     1
Dodge: Dodged            |    10 |    12 |     1 ||    23

Table legend: (Time is in decaauts)
 A = Elapsed time spent in this place.
 B = Non-inter-level travel time spent in this place.
 C = Inter-level travel time spent in this place.
 D = Time resting spent in this place.
 E = Time spent auto-exploring this place.
 F = Levels seen in this place.
 G = Mean time per level.
                   A        B        C        D        E       F      G
               +--------+--------+--------+--------+--------+-----+--------+
         Total |   4919 |   4557 |    362 |    207 |   3775 |   6 |  819.8 |
       Dungeon |   4919 |   4557 |    362 |    207 |   3775 |   6 |  819.8 |
               +--------+--------+--------+--------+--------+-----+--------+

Top non-repeatable levels by time:
     D:4: 1298 daAuts
     D:3: 1004 daAuts
     D:1: 911 daAuts
     D:2: 908 daAuts
     D:5: 792 daAuts
     D:6: 4 daAuts
